cohdb
Replays
Latest Replays
All Replays
Popular Replays
Top Player Replays
Match Explorer
How It Works
Community
CoH3 Stats
Reddit
Sign in to upload your games and track your stats! →
Sign in with Steam
Match 45350704
Unlisted
Match 45350704
Overview
Messages
Build Orders
End
Selects Armored Support Battlegroup
Kradschützen Motorcycle Team
Kradschützen Motorcycle Team
Panzergrenadier Squad
Construct Light Support Kompanie
Selects Superior Fire Drills
2.5-tonne Medical Truck
Panzerjäger Squad
Construct Mechanized Kompanie
Assault Mechanized Group
Panzerjäger Squad
Veteran Squad Leaders
Construct Panzerarmee Kommand
Selects Flammpanzer III Medium Tank
Flammpanzer III Medium Tank
Vehicle Survival Package
Selects Salvage Kits
Panzerpioneer Squad
Armored Reserves
Assault Mechanized Group
Selects Panzer Storm
Flammpanzer III Medium Tank
Panzer Storm
Djinm
Gutrencha
ZombieRommel
Kray-Tos
0
0
Comments
sign in to comment!
No comments posted yet!